 Seeded DCSS version 0.30-a0-728-gc68057be0a (webtiles) character file.

Game seed: 9063255210672655169 (custom seed)

312 retardedninja the Trooper (level 6, -2/56 HPs)
             Began as a Minotaur Fighter on Jan 30, 2023.
             Slain by a gnoll
             ... wielding a +0 halberd
              (8 damage)
             ... on level 3 of the Dungeon.
             The game lasted 00:03:20 (2087 turns).

retardedninja the Trooper (Minotaur Fighter)        Turns: 2087, Time: 00:03:20

Health: -2/56      AC:  8    Str: 22    XL:     6   Next: 18%
Magic:  5/5        EV:  9    Int:  9    God:
Gold:   141        SH:  0    Dex:  8    Spells: 5/5 levels left

rFire   + . .      SeeInvis .    k - +5 scythe "Finisher" {speed, eviscerate}
rCold   + . .      Faith    .    (shield currently unavailable)
rNeg    . . .      Spirit   .    b - +0 scale mail
rPois   +          Reflect  .    (helmet restricted)
rElec   +          Harm     .    (no cloak)
rCorr   +          Rampage  .    (no gloves)
Will    .....      Clarity  +    j - +0 pair of boots Stlth
                                 (no amulet)
HPRegen 0.29/turn                (no ring)
MPRegen 0.09/turn                (no ring)

@: mighty, brilliant, silenced, resistant, weak-willed, flying
A: horns 2, retaliatory headbutt, clarity, clever 1
a: no special abilities


You were on level 3 of the Dungeon.
You visited 1 branch of the dungeon, and saw 3 of its levels.

You collected 141 gold pieces.

Inventory:

Hand Weapons
 k - the +5 scythe "Finisher" (weapon) {speed, eviscerate}
   (You found it on level 2 of the Dungeon)
Armour
 b - a +0 scale mail (worn)
 j - a +0 pair of boots (worn)
Scrolls
 f - 2 scrolls of teleportation
 g - a scroll of silence
 h - 3 scrolls of identify
 i - a scroll of vulnerability
 m - a scroll of fear
Potions
 d - a potion of might
 l - a potion of resistance
 n - a potion of brilliance


   Skills:
 + Level 5.6 Fighting
 + Level 4.9 Polearms
 + Level 5.5 Armour
 - Level 4.0 Shields


You had 5 spell levels left.
You didn't know any spells.
Your spell library contained the following spells:

 Spells                   Type           Power      Damage    Failure   Level
 Summon Small Mammal      Summ           0%         N/A       69%         1
 Call Canine Familiar     Summ           0%         N/A       96%         3
 Summon Guardian Golem    Hex/Summ       0%         N/A       96%         3


Dungeon Overview and Level Annotations

Branches:
Dungeon (3/15)

Altars:
Kikubaaqudgha
Qazlal


Innate Abilities, Weirdness & Mutations

You have a pair of horns on your head.
You reflexively headbutt those who attack you in melee.
You possess an exceptional clarity of mind.
Your mind is acute. (Int +4, Str/Dex -1)


Message History

The gnoll hits you from afar with a +0 halberd.
The gnoll closely misses you.
Things that are here:
a +1 dagger of venom; an orc corpse You feel very mighty all of a sudden.
You feel sick.
The orc gestures.
The orc hits you with a +0 war axe. The gnoll closely misses you.
The gnoll hits you from afar with a +0 spear.
You impale the orc!!
You kill the orc!
You feel sick.
The gnoll hits you from afar with a +0 spear.
The gnoll hits you from afar with a +0 halberd.
* * * LOW HITPOINT WARNING * * *
It was a potion of mutation.
You feel extremely strange.
Your thoughts seem clearer.
You feel clever.
You feel sick. The gnoll closely misses you. The gnoll barely misses you.
You feel protected.
You feel sick. The gnoll hits you but does no damage.
The orc hits you but does no damage. The gnoll hits you but does no damage.
It was a potion of flight.
You feel very buoyant.
You fly up into the air.
You feel sick.
You are no longer poisoned.
The gnoll closely misses you. The orc hits you but does no damage.
The gnoll hits you but does no damage.
The gnoll hits you from afar with a +0 halberd.
* * * LOW HITPOINT WARNING * * *
It was a potion of brilliance.
You feel clever all of a sudden. The gnoll barely misses you.
The gnoll misses you. The orc hits you but does no damage.
The gnoll hits you from afar with a +0 halberd.
* * * LOW HITPOINT WARNING * * *
Magic scrolls do not work when you're silenced!
You slice the orc!!
You kill the orc!
The gnoll hits you from afar with a +0 halberd!
You die...

#+#######
#.......#..
#g).......~
##++#g).......~
#....g......#..
#..@)########
#....+ K(
###### ## ###
... ~~~ ≈~≈ ~~≈
... ...


You could see 3 gnolls.

Vanquished Creatures
  Sigmund (D:2)
  2 gnolls
  4 adders
  3 dart slugs
  2 worms
  6 orcs (D:3)
  6 bats
  2 endoplasms
  3 giant cockroaches
  4 goblins
  8 hobgoblins
  18 jackals
  3 quokkas
  6 ball pythons
  A frilled lizard (D:2)
  3 kobolds
  8 rats
80 creatures vanquished.

Vanquished Creatures (others)
  5 plants (D:2)
  4 withered plants (D:2)
9 creatures vanquished.

Grand Total: 89 creatures vanquished

Notes
Turn   | Place    | Note
-------+----------+-------------------------------------------
     0 | D:1      | retardedninja the Minotaur Fighter began the quest for the
                  | Orb.
     0 | D:1      | Reached XP level 1. HP: 19/19 MP: 0/0
    63 | D:1      | Reached XP level 2. HP: 27/27 MP: 1/1
   330 | D:1      | Reached XP level 3. HP: 33/33 MP: 2/2
   897 | D:2      | Found the +5 scythe "Finisher" {speed, eviscerate}
   958 | D:2      | Found an ancient bone altar of Kikubaaqudgha.
  1164 | D:2      | Found a faded altar of an unknown god.
  1177 | D:2      | Reached XP level 4. HP: 41/41 MP: 3/3
  1518 | D:2      | Noticed Sigmund
  1525 | D:2      | Killed Sigmund
  1526 | D:2      | Reached skill level 5 in Fighting
  1526 | D:2      | Reached skill level 5 in Armour
  1526 | D:2      | Reached XP level 5. HP: 35/48 MP: 4/4
  1730 | D:3      | Reached XP level 6. HP: 36/56 MP: 5/5
  1890 | D:3      | Found a stormy altar of Qazlal.
  2081 | D:3      | Gained mutation: You possess an exceptional clarity of
                  | mind. [potion of mutation]
  2081 | D:3      | Gained mutation: Your mind is acute. (Int +4, Str/Dex -1)
                  | [potion of mutation]
  2087 | D:3      | Slain by a gnoll

Illustrated notes

Levels and vault maps discovered:
D:1:      evilmike_arrival_grusome_pit, layout_basic, st_stairs_14
D:2:      layout_basic, basic_altar, shapermc_ecumenical_altar_flowoftime,
          mrwooster_statue_mirror, cheibrodos_gnoll_hut, uniq_sigmund
D:3:      lemuel_castle_with_subvaults [lemuel_castle_interior_carwin_3],
          layout_rooms, nicolae_overflow_hidden_temple,
          mainiacjoe_overflow_paths, portal_sewer_entry_e

Skill      XL: |  1  2  3  4 |
---------------+-------------+-----
Armour         | 4 5 |  5.5
Fighting       | 4 5 |  5.6
Shields        | 4 |  4.0
Polearms       | 3 4 |  4.9

Action                     |  1- 3 |  4- 6 || total
---------------------------+-------+-------++-------
  Melee: Trident           |    66 |       ||    66
         Headbutt          |    12 |     5 ||    17
         Scythe            |    21 |    69 ||    90
    Use: Scroll            |       |     7 ||     7
         Potion            |       |     5 ||     5
 Armour: Scale mail        |    34 |    35 ||    69
  Dodge: Dodged            |    36 |    40 ||    76
  Block: Buckler           |     8 |       ||     8

Table legend: (Time is in decaauts)
 A = Elapsed time spent in this place.
 B = Non-inter-level travel time spent in this place.
 C = Inter-level travel time spent in this place.
 D = Time resting spent in this place.
 E = Time spent auto-exploring this place.
 F = Levels seen in this place.
 G = Mean time per level.
                   A        B        C        D        E       F      G
               +--------+--------+--------+--------+--------+-----+--------+
         Total |   2118 |   2058 |     60 |     53 |   1559 |   3 |  706.0 |
       Dungeon |   2118 |   2058 |     60 |     53 |   1559 |   3 |  706.0 |
               +--------+--------+--------+--------+--------+-----+--------+

Top non-repeatable levels by time:
     D:1: 903 daAuts
     D:2: 815 daAuts
     D:3: 398 daAuts
